 Dungeon Crawl Stone Soup version 0.23.2-40-g277498a (webtiles) character file.

Game seed: 9194803681581715605

43 silentkaos13 the Insei (level 3, 0/23 HPs)
             Began as an Octopode Transmuter on Oct 3, 2019.
             Was an Initiate of Ashenzari.
             Slain by a gnoll
             ... wielding a +0 spear
              (6 damage)
             ... on level 2 of the Dungeon.
             The game lasted 00:03:04 (1135 turns).

silentkaos13 the Insei (Octopode Transmuter)        Turns: 1135, Time: 00:03:04

Health: 0/23       AC:  2    Str:  9    XL:     3   Next: 58%
Magic:  3/6        EV: 20    Int: 16    God:    Ashenzari [......]
Gold:   91         SH:  0    Dex: 17    Spells: 1/7 levels left

rFire    . . .     SeeInvis .     - Unarmed
rCold    . . .     Gourm    .   (shield currently unavailable)
rNeg     + . .     Faith    +   (helmet currently unavailable)
rPois    x         Spirit   .   d - amulet of faith
rElec    .         Reflect  .   b - ring of flight
rCorr    .         Harm     .   i - ring of positive energy
MR       .....                  (no ring)
Stlth    ++........             (no ring)
HPRegen  0.07/turn              (no ring)
MPRegen  0.10/turn              (no ring)
                                (no ring)
                                (no ring)

@: spider-form (expiring)
A: tiny, almost no armour, stealthy swim, (amphibious), 8 rings, (constrict 8)
a: End Transformation, Curse Item, Renounce Religion, Evoke Flight


You were on level 2 of the Dungeon.
You worshipped Ashenzari.
Ashenzari was noncommittal.
You were not hungry.
You were a venomous arachnid creature.
You visited 1 branch of the dungeon, and saw 2 of its levels.

You collected 91 gold pieces.

Inventory:

Missiles
 a - 10 arrows
Jewellery
 b - a ring of flight (left front leg)
 d - an amulet of faith (around neck)
 i - a ring of positive energy (right front leg)
Scrolls
 h - 2 scrolls of identify {unknown}
 k - a scroll of fog {unknown}
Potions
 e - 4 potions of curing {unknown}
 f - a potion of heal wounds {unknown}
 g - a potion of resistance {unknown}
 j - a potion of brilliance {unknown}
Comestibles
 c - 5 rations
 l - a chunk of flesh


   Skills:
 + Level 1.0 Fighting
 + Level 2.2 Dodging
 + Level 0.5 Stealth
 + Level 3.5 Unarmed Combat
 + Level 2.5 Spellcasting
 + Level 2.2 Transmutations
 * Level 0.9 Evocations


You had one spell level left.
You knew the following spells:

 Your Spells              Type           Power        Failure   Level  Hunger
a - Beastly Appendage     Tmut           #.....       21%         1    #......
b - Sticks to Snakes      Tmut           #.......     28%         2    ##.....
c - Spider Form           Tmut/Pois      #.........   58%         3    ###....

Your spell library contained the following spells:

 Spells                   Type           Power        Failure   Level  Hunger
 Ice Form                 Ice/Tmut       #.......     90%         4    #####..
 Blade Hands              Tmut           #.........   98%         5    ######.


Dungeon Overview and Level Annotations

Branches:
Dungeon (2/15)

Altars:
Ashenzari


Innate Abilities, Weirdness & Mutations

You cannot wear most types of armour.
You are very stealthy in the water. (Stealth+)
((You are amphibious.))
You can wear up to eight rings at the same time.
((You can use your tentacles to constrict eight enemies at once.))
((Your skin changes colour to match your surroundings (Stealth+).))
((Your rubbery body absorbs attacks. (AC +1, EV +1)))


Message History

Casting: Spider Form (slightly dangerous; 36% risk of failure)
Confirm with . or Enter, or press ? or * to list all spells.
You turn into a venomous arachnid creature.
The gnoll shouts! x2; You hear a shout!
A rat comes into view.
You hit the gnoll.
The gnoll is poisoned.
The gnoll is lightly wounded.
The gnoll closely misses you. The gnoll hits you but does no damage.
You barely miss the gnoll.
The gnoll is lightly wounded.
The gnoll closely misses you.
The gnoll hits you from afar with a +0 spear!
You hit the gnoll.
The gnoll looks as sick as possible!
The gnoll is moderately wounded.
The gnoll hits you with a +0 spear.
* * * LOW HITPOINT WARNING * * *
You hit the gnoll.
The gnoll looks as sick as possible!
The gnoll is severely wounded.
The gnoll closely misses you. The gnoll hits you with a +0 spear.
You die...

#.# #.#
#.# #.#
###. #.#
#.. ....
#.#
####..#
#.# ..#
#.# #.#
#.####..#
#......#
#(
#.###s.#
#. #.#
##g# #.
#.# g#
#.# r.
#.# ..#
#.. ...
## ##..
#.


You could see 2 gnolls and a rat.

Vanquished Creatures
  2 adders (D:2)
  A worm (D:2)
  A dart slug (D:2)
  A leopard gecko (D:2)
  2 giant cockroaches (D:1)
  3 goblins (D:1)
  4 hobgoblins
  2 kobolds
  A ball python (D:1)
  2 bats
  2 frilled lizards
  A rat (D:1)
22 creatures vanquished.

Notes
Turn   | Place    | Note
-------+----------+-------------------------------------------
     0 | D:1      | silentkaos13 the Octopode Transmuter began the quest for
                  | the Orb.
     0 | D:1      | Reached XP level 1. HP: 13/13 MP: 3/3
    16 | D:1      | Became a worshipper of Ashenzari the Shackled
    81 | D:1      | Reached XP level 2. HP: 7/18 MP: 5/5
   499 | D:1      | Learned a level 2 spell: Sticks to Snakes
   946 | D:2      | Reached XP level 3. HP: 19/23 MP: 2/6
  1030 | D:2      | Learned a level 3 spell: Spider Form
  1135 | D:2      | Slain by a gnoll

Action                   || total
-------------------------++-------
Melee: Unarmed           ||    47
       Constrict         ||     9
       Kick              ||     3
       Tentacles         ||     4
       Punch             ||     1
 Cast: Beastly Appendage ||     4
       Sticks to Snakes  ||     2
       Spider Form       ||     2
 Stab: Sleeping          ||     1
  Eat: Chunk             ||     1
Armor: Skin              ||    10
Dodge: Dodged            ||    26
